 Dungeon Crawl Stone Soup version 0.18.1-50-g88ac8fd (webtiles) character file.

3304 magog001 the Protected (level 9, -3/79 HPs)
             Began as a Minotaur Fighter on Mar 29, 2017.
             Was a Believer of Nemelex Xobeh.
             Slain by a two-headed ogre
             ... wielding a +0 dire flail
              (23 damage)
             ... on level 10 of the Dungeon on Mar 30, 2017.
             The game lasted 00:52:34 (7298 turns).

magog001 the Protected (Minotaur Fighter)           Turns: 7298, Time: 00:52:35

Health: -3/79      AC: 12    Str: 29    XL:     9   Next: 70%
Magic:  8/8        EV: 13    Int: 10    God:    Nemelex Xobeh [**....]
Gold:   434        SH: 12    Dex: 12    Spells: 0 memorised, 8 levels left

rFire  + . .     SeeInvis .     q - +9 hand axe (pain)
rCold  . . .     Gourm    .     N - +2 ring mail {rPois}
rNeg   . . .     Faith    +     c - +0 shield
rPois  +         Spirit   .     (helmet restricted)
rElec  .         Dismiss  .     e - +1 cloak
rCorr  .         Reflect  .     A - +0 pair of gloves
SustAt .         Harm     .     (no boots)
MR     +....                    d - amulet of faith
Stlth  +.........               K - ring of fire
                                y - ring of poison resistance

@: mighty, brilliant, flying, somewhat resistant to hostile enchantments, very
unstealthy
A: retaliatory headbutt, horns 2, agile 1, cold resistance 1, magic resistance 1
a: Renounce Religion


You were on level 10 of the Dungeon.
You worshipped Nemelex Xobeh.
Nemelex Xobeh was pleased with you.
You were not hungry.

You visited 1 branch of the dungeon, and saw 10 of its levels.
You also visited: Ossuary.

You collected 434 gold pieces.

Inventory:

Hand Weapons
 k - a +1 dagger of venom
 q - a +9 hand axe of pain (weapon)
 R - a +2 shortbow of flaming
Missiles
 j - 55 sling bullets
 p - 28 poisoned needles
 C - 54 arrows
Armour
 c - a +0 shield (worn)
 e - a +1 cloak (worn)
 A - a +0 pair of gloves (worn)
 N - a +2 ring mail of poison resistance (worn)
Jewellery
 d - an amulet of faith (around neck)
 y - a ring of poison resistance (left hand)
 K - a ring of fire (right hand)
 Q - a cursed ring of teleportation {unknown}
 S - an uncursed amulet of harm {unknown}
Wands
 o - a wand of iceblast (15/15)
 v - a wand of polymorph (23/24)
 L - a wand of acid (2/15)
 P - a wand of lightning (9/15)
 T - a wand of lightning (3/15)
Scrolls
 h - 6 scrolls of remove curse
 i - 3 scrolls of fog
 s - 10 scrolls of identify
 u - a scroll of enchant weapon
 B - a scroll of summoning {unknown}
 F - a scroll of blinking
 M - 4 scrolls of amnesia {unknown}
Potions
 a - 4 potions of might
 t - a potion of flight
 w - a potion of agility {unknown}
 x - a potion of cure mutation {unknown}
 z - a potion of curing {unknown}
 D - 2 potions of resistance {unknown}
 E - a potion of haste {unknown}
Books
 r - a book of Beasts

   Spells                             Type                      Level
   a - Summon Butterflies             Summoning                    1
   b - Call Canine Familiar           Summoning                    3
   c - Summon Ice Beast               Ice/Summoning                4
   d - Summon Mana Viper              Hexes/Summoning              5
   e - Summon Hydra                   Summoning                    7
 I - a book of the Tempests

   Spells                             Type                      Level
   a - Static Discharge               Conjuration/Air              3
   b - Lightning Bolt                 Conjuration/Air              5
   c - Fireball                       Conjuration/Fire             5
   d - Tornado                        Air                          9
   e - Shatter                        Earth                        9
 J - an Akashic Record

   Spells                             Type                      Level
   a - Dispersal                      Translocation                6
   b - Malign Gateway                 Summoning/Translocation      7
   c - Disjunction                    Translocation                8
   d - Controlled Blink               Translocation                8
Miscellaneous
 b - an ornate deck of war
 G - a plain deck of destruction
 H - a plain deck of war
Comestibles
 f - 5 bread rations
 g - 6 chunks of flesh
 l - 4 meat rations
 O - 4 fruits


   Skills:
 + Level 7.2 Fighting
 + Level 7.9 Axes
 + Level 1.3 Bows
 + Level 8.5 Armour
 + Level 6.7 Dodging
 + Level 1.5 Stealth
 + Level 8.1 Shields


You had 8 spell levels left.
You didn't know any spells.

Dungeon Overview and Level Annotations

Branches:
Dungeon (10/15)            Temple (0/1) D:6
   Lair: D:8-11         Orc: D:9-12

Altars:
Ashenzari
Elyvilon
Fedhas
Gozag
Nemelex Xobeh
Pakellas
Qazlal
Sif Muna
Vehumet
Xom
Yredelemnul
Zin
The Shining One


Innate Abilities, Weirdness & Mutations

You reflexively headbutt those who attack you in melee.
You have a pair of horns on your head.
You are agile. (Dex +2)
Your flesh is cold resistant.
You are resistant to hostile enchantments.


Message History

The crimson imp blinks!
Drink which item? (? for menu, Esc to quit)
It was a potion of brilliance.
You feel clever all of a sudden.
Drink which item? (? for menu, Esc to quit)
It was a potion of heal wounds.
You feel much better. You block the two-headed ogre's attack.
The two-headed ogre closely misses you.
You slice the two-headed ogre!!
The two-headed ogre is severely wounded.
You block the two-headed ogre's attack.
The two-headed ogre hits you with a giant spiked club!
* * * LOW HITPOINT WARNING * * *
You barely miss the two-headed ogre.
Your headbutt misses the two-headed ogre.
The two-headed ogre is severely wounded.
You miss the adder. The adder bites you but does no damage.
You block the two-headed ogre's attack.
The two-headed ogre hits you with a giant spiked club!!
You die...
Your body disappears without a glow.

## # .. #.
.# ###.##
.#
......##.#
#..?.#
#.@<.#
#OS).#
$.....##
.....5...
##...$...#
##.......
.........
###...$..##


You could see a two-headed ogre, a crimson imp and an adder.

Vanquished Creatures
  Pikel (D:7)
  A wyvern (D:8)
  A hippogriff (D:8)
  Edmund (D:5)
  Duvessa (D:5)
  An ice beast (D:5)
  A phantom (D:7)
  A centaur (D:5)
  3 ogres
  3 giant frogs
  3 elf zombies (Ossuary)
  A scorpion (D:5)
  Dowan (D:5)
  4 howler monkeys
  4 wights (D:8)
  2 centaur zombies (Ossuary)
  A giant frog zombie (D:5)
  2 crimson imps (D:7)
  A giant frog skeleton (D:8)
  An orc priest (D:3)
  A hound (D:9)
  A jelly (D:5)
  An iguana (D:5)
  7 orc wizards
  Ijyb (D:2)
  9 worker ants
  A sheep (D:9)
  3 big kobold zombies (Ossuary)
  2 mummies (Ossuary)
  8 adders
  An ooze (D:3)
  An adder zombie (Ossuary)
  An adder skeleton (D:5)
  2 worms (D:3)
  2 dart slugs
  4 giant geckos
  19 orcs
  3 giant cockroaches
  18 goblins
  9 hobgoblins
  7 jackals
  2 quokkas
  4 ball pythons
  4 bats
  A giant newt (D:1)
  A goblin skeleton (D:7)
  A goblin zombie (Ossuary)
  9 hobgoblin zombies
  2 jackal zombies
  10 kobolds
  2 kobold skeletons (D:7)
  9 kobold zombies
  An orc skeleton (D:7)
  13 orc zombies
  A quokka zombie (D:7)
  5 rats
  2 plants (D:2)
202 creatures vanquished.

Vanquished Creatures (others)
  A giant frog (D:7)
  A hound (D:7)
  A giant gecko (D:7)
  A giant newt (D:7)
4 creatures vanquished.

Grand Total: 206 creatures vanquished

Notes
Turn   | Place    | Note
--------------------------------------------------------------
     0 | D:1      | magog001 the Minotaur Fighter began the quest for the Orb.
     0 | D:1      | Reached XP level 1. HP: 19/19 MP: 0/0
   383 | D:1      | Reached XP level 2. HP: 26/27 MP: 1/1
  1014 | D:2      | Reached XP level 3. HP: 31/33 MP: 2/2
  1282 | D:2      | Noticed Ijyb
  1289 | D:2      | Reached XP level 4. HP: 40/40 MP: 3/3
  1303 | D:2      | Killed Ijyb
  1497 | D:2      | Found a radiant altar of Vehumet.
  1964 | D:3      | Reached skill level 1 in Dodging
  2077 | D:3      | Gained mutation: You are resistant to hostile enchantments. [potion of mutation]
  2077 | D:3      | Gained mutation: Your flesh is cold resistant. [potion of mutation]
  2077 | D:3      | Gained mutation: You are agile. (Dex +2) [potion of mutation]
  2083 | D:3      | Reached XP level 5. HP: 43/47 MP: 4/4
  2183 | D:3      | Reached skill level 5 in Shields
  2198 | D:3      | Found a white marble altar of Elyvilon.
  2562 | D:3      | Found a stormy altar of Qazlal.
  2695 | D:3      | Reached skill level 5 in Armour
  2695 | D:3      | Reached XP level 6. HP: 53/53 MP: 5/5
  3425 | D:4      | Found a deep blue altar of Sif Muna.
  3781 | D:5      | Entered Level 5 of the Dungeon
  3781 | D:5      | Noticed an ice beast
  3789 | D:5      | Killed an ice beast
  3789 | D:5      | Reached XP level 7. HP: 60/60 MP: 6/6
  3954 | D:5      | Reached skill level 5 in Fighting
  3956 | D:5      | Noticed Duvessa
  3956 | D:5      | Noticed Dowan
  3966 | D:5      | Killed Dowan
  3971 | D:5      | Killed Duvessa
  3971 | D:5      | Reached skill level 1 in Stealth
  4146 | D:5      | Noticed Edmund
  4159 | D:5      | Killed Edmund
  4159 | D:5      | Reached skill level 5 in Axes
  4241 | D:5      | Reached XP level 8. HP: 52/69 MP: 7/7
  4289 | D:5      | Found an opulent altar of Gozag.
  4289 | D:5      | Found a blossoming altar of Fedhas.
  4351 | D:5      | Found an oddly glowing altar of Pakellas.
  4760 | D:6      | You fall through a shaft!
  4804 | D:6      | Found a staircase to the Ecumenical Temple.
  4844 | D:7      | Noticed Pikel
  4854 | D:7      | Killed Pikel
  4942 | D:7      | Found a sparkling altar of Nemelex Xobeh.
  4946 | D:7      | Became a worshipper of Nemelex Xobeh the Trickster
  5043 | D:7      | Received a gift from Nemelex Xobeh
  5383 | D:7      | Reached skill level 5 in Dodging
  5432 | D:7      | Found a glowing golden altar of the Shining One.
  5493 | D:7      | Reached * piety under Nemelex Xobeh
  5644 | D:7      | Reached XP level 9. HP: 77/77 MP: 8/8
  5882 | D:8      | Found a sand-covered staircase.
  5887 | Ossuary  | Entered an ossuary
  5934 | Ossuary  | Received a gift from Nemelex Xobeh
  6308 | D:8      | Reached ** piety under Nemelex Xobeh
  6341 | D:8      | Received a gift from Nemelex Xobeh
  6544 | D:8      | Found a glowing silver altar of Zin.
  6723 | D:8      | Found a shattered altar of Ashenzari.
  7021 | D:9      | Found a shimmering altar of Xom.
  7157 | D:9      | Reached skill level 1 in Bows
  7158 | D:9      | Found a basalt altar of Yredelemnul.
  7164 | D:9      | Found a sparkling altar of Nemelex Xobeh.
  7232 | D:9      | Noticed a four-headed hydra
  7291 | D:10     | Entered Level 10 of the Dungeon
  7298 | D:10     | Slain by a two-headed ogre

Skill      XL: |  1  2  3  4  5  6  7  8  9 |
---------------+----------------------------+-----
Armour         | 4 5 6 8 |  8.5
Shields        | 4 5 6 7 8 |  8.1
Fighting       | 4 5 6 7 |  7.2
Axes           | 3 4 5 6 7 |  7.9
Dodging        | 1 2 3 5 6 |  6.7
Stealth        | 1 |  1.5
Bows           | 1 |  1.3

Action                   |  1- 3 |  4- 6 |  7- 9 || total
-------------------------+-------+-------+-------++-------
Melee: War axe           |    97 |    74 |       ||   171
       Headbutt          |    14 |    25 |    50 ||    89
       Hand axe          |       |    63 |   268 ||   331
 Fire: Shortbow          |       |       |    16 ||    16
Evoke: Wand              |     1 |       |     4 ||     5
  Use: Potion            |       |     2 |     4 ||     6
       Scroll            |       |    14 |     6 ||    20
 Stab: Sleeping          |       |       |     1 ||     1
  Eat: Chunk             |     1 |     7 |    10 ||    18
       Pizza             |       |     1 |       ||     1
       Beef jerky        |       |       |     1 ||     1
Armor: Scale mail        |    20 |    44 |    42 ||   106
       Ring mail         |       |       |    25 ||    25
Dodge: Dodged            |    17 |    52 |   110 ||   179
Block: Shield            |    30 |    59 |   128 ||   217
